 Dungeon Crawl Stone Soup version 0.20.0-6-gd3061e9 (webtiles) character file.

655 Goblin1989 the Archer (level 7, -4/55 HPs)
             Began as a Centaur Hunter on May 28, 2017.
             Slain by a slave (5 damage)
             ... led by Pikel
             ... on level 4 of the Dungeon.
             The game lasted 00:16:31 (4916 turns).

Goblin1989 the Archer (Centaur Hunter)              Turns: 4916, Time: 00:16:32

Health: -4/55      AC:  5    Str: 21    XL:     7   Next: 29%
Magic:  7/7        EV:  9    Int: 10    God:
Gold:   198        SH:  0    Dex: 10    Spells: 6/6 levels left

rFire    . . .     SeeInvis .   a - +1 shortbow
rCold    . . .     Gourm    .   (shield currently unavailable)
rNeg     . . .     Faith    .   c - +0 leather armour
rPois    .         Spirit   .   (no helmet)
rElec    .         Reflect  .   (no cloak)
rCorr    .         Harm     .   (no gloves)
MR       .....                  (no barding)
Stlth    +.........             q - amulet of magic regeneration
Regen    0.2/turn               l - +1 ring of protection
MPRegen  0.2/turn               (no ring)

@: mighty, flying, very quick
A: hooves 3, deformed body, speed 2, tough skin 3
a: no special abilities


You were on level 4 of the Dungeon.
You were not hungry.

You visited 1 branch of the dungeon, and saw 5 of its levels.
You also visited: Sewer.

You collected 198 gold pieces.

Inventory:

Hand Weapons
 a - a +1 shortbow (weapon)
 i - a +1 spear of distortion {!w}
 m - a +0 halberd
 p - a +2 halberd of protection
Missiles
 d - 31 arrows (quivered)
Armour
 c - a +0 leather armour (worn)
 r - a +0 cloak
Jewellery
 l - a +1 ring of protection (left hand)
 q - an amulet of magic regeneration (around neck)
 s - an uncursed ring of positive energy {unknown}
Scrolls
 g - a scroll of remove curse {@r2}
 R - 3 scrolls of identify {@r1}
 T - a scroll of teleportation
Potions
 f - 2 potions of ambrosia
 j - a potion of curing {@q1}
 k - a potion of resistance
 t - a potion of flight
Comestibles
 e - 4 bread rations {@e1}
 h - a royal jelly
 o - 12 fruits


   Skills:
 - Level 2.0 Fighting
 + Level 3.5 Polearms
 - Level 10.3 Bows
 - Level 1.3 Dodging
 - Level 0.4 Stealth


You had 6 spell levels left.
You didn't know any spells.

Dungeon Overview and Level Annotations

Branches:
Dungeon (5/15)
 Temple: D:4-7

Altars:
Gozag
Xom

Shops:
D:4 (

Annotations:
D:4 Pikel


Innate Abilities, Weirdness & Mutations

You have hooves in place of feet.
Armour fits poorly on your strangely shaped body.
You cover ground very quickly.
You have extremely tough skin. (AC +3)


Message History

You regained 6 hp, and now have 47/55 hp.
It was a potion of flight.
You feel very buoyant.
You fly up into the air.
The river rat bites you. The rat closely misses you.
You take 1 damage, and have 46/55 hp.
It was a potion of heal wounds.
You feel much better. Pikel hits you with a whip of freezing.
Pikel freezes you. The river rat barely misses you.
The rat completely misses you.
You regained 2 hp, and now have 48/55 hp.
It was a potion of might.
You feel very mighty all of a sudden. Pikel barely misses you.
The river rat bites you! The rat bites you.
You take 11 damage, and have 37/55 hp.
You slash Pikel!
Your weapon exudes an aura of protection.
Pikel is moderately wounded.
Pikel closely misses you.
The river rat bites you but does no damage.
The rat barely misses you. Pikel barely misses you.
The river rat closely misses you.
Wield which item (- for none, * to show all)? (? for menu, Esc to quit)
Your +2 halberd of protection goes still.
a - a +1 shortbow (weapon)
The rat bites you but does no damage.
Firing (i - inventory):
d - 39 arrows (quivered)
Press: ? - help, Shift-Dir - straight line, f - slave
Aim: a slave, wearing an animal skin You shoot an arrow.
The arrow closely misses Pikel.
The arrow misses the slave.
Pikel hits you but does no damage. The river rat completely misses you.
Firing (i - inventory):
d - 38 arrows (quivered)
Press: ? - help, Shift-Dir - straight line, f/p - slave
Aim: a slave, wearing an animal skin You shoot an arrow.
The arrow closely misses Pikel.
The arrow hits the slave.
The slave is moderately wounded.
You hear a splash.
The rat barely misses you. Pikel hits you with a whip of freezing.
Pikel freezes you. The river rat bites you.
You take 4 damage, and have 33/55 hp.
Firing (i - inventory):
d - 37 arrows (quivered)
Press: ? - help, Shift-Dir - straight line, f/p - slave
Aim: a slave, wearing an animal skin (moderately wounded)
You shoot an arrow.
The arrow hits Pikel but does no damage.
Pikel is moderately wounded.
The rat bites you but does no damage. Pikel hits you with a whip of freezing.
Pikel freezes you.
You take 1 damage, and have 32/55 hp.
Firing (i - inventory):
d - 36 arrows (quivered)
Press: ? - help, Shift-Dir - straight line, f/p - slave
Aim: a slave, wearing an animal skin (moderately wounded)
You shoot an arrow. The arrow barely misses Pikel.
The arrow hits the slave.
The slave is moderately wounded.
You hear a splash.
The river rat bites you!
* * * LOW HITPOINT WARNING * * *
The rat closely misses you.
You take 8 damage, and have 24/55 hp.
Firing (i - inventory):
d - 35 arrows (quivered)
Press: ? - help, Shift-Dir - straight line, f/p - slave
Aim: a slave, wearing an animal skin (moderately wounded)
You shoot an arrow. The arrow hits Pikel!
Pikel is heavily wounded.
Pikel hits you with a whip of freezing!
* * * LOW HITPOINT WARNING * * *
Pikel freezes you.
* * * LOW HITPOINT WARNING * * *
The river rat barely misses you.
You take 14 damage, and have 10/55 hp.
MASSIVE DAMAGE!!
The rat bites you.
* * * LOW HITPOINT WARNING * * *
The river rat bites you.
* * * LOW HITPOINT WARNING * * *
You take 3 damage, and have 7/55 hp.
The rat bites you.
* * * LOW HITPOINT WARNING * * *
You take 2 damage, and have 5/55 hp.
Firing (i - inventory):
d - 34 arrows (quivered)
Press: ? - help, Shift-Dir - straight line, f - Pikel, p - slave
Aim: Pikel, wielding a whip of freezing and wearing a robe (heavily wounded)
You shoot an arrow. The arrow hits the river rat.
The river rat is lightly wounded.
The slave splashes around in the water.
Firing (i - inventory):
d - 33 arrows (quivered)
Press: ? - help, Shift-Dir - straight line, f/p - Pikel
Aim: Pikel, wielding a whip of freezing and wearing a robe (heavily wounded)
You shoot an arrow. The arrow closely misses the river rat.
The arrow barely misses Pikel.
You hear a splash.
The slave hits you.
* * * LOW HITPOINT WARNING * * *
The river rat barely misses you.
You take 4 damage, and have 1/55 hp.
Firing (i - inventory):
d - 32 arrows (quivered)
Press: ? - help, Shift-Dir - straight line, f/p - Pikel
Aim: Pikel, wielding a whip of freezing and wearing a robe (heavily wounded)
You shoot an arrow. The arrow hits Pikel.
Pikel is severely wounded.
You hear a splash.
The slave hits you.
You die... ██████████

█@pr∆≈≈≈.█
█Kr≈█≈.≈.█
█≈sp█≈.≈.██
████p≈....█
≈≈≈≈(≈...█
█≈≈.≈.....█
█≈≈≈......█ ██
█.[.....(.███████.
████.████......██.


You could see Pikel, 3 slaves, a river rat, a giant cockroach and a rat.

Vanquished Creatures
  An ogre (D:4)
  A big kobold (Sewer)
  A howler monkey (D:3)
  An orc priest (D:3)
  2 orc wizards (D:3)
  Terence (D:2)
  Jessica (D:2)
  Natasha (thrice) (D:2)
  2 worker ants (D:4)
  A worker ant zombie (D:3)
  3 adders
  4 gnolls (D:3)
  An ooze (D:3)
  2 worms
  4 dart slugs
  3 leopard geckos
  12 orcs (D:3)
  6 giant cockroaches
  7 goblins
  8 hobgoblins
  5 jackals
  2 quokkas
  3 ball pythons (D:4)
  9 bats
  3 frilled lizards (D:3)
  12 kobolds
  21 rats
119 creatures vanquished.

Notes
Turn   | Place    | Note
-------+----------+-------------------------------------------
     0 | D:1      | Goblin1989 the Centaur Hunter began the quest for the Orb.
     0 | D:1      | Reached XP level 1. HP: 17/17 MP: 1/1
   311 | D:1      | Reached XP level 2. HP: 24/24 MP: 2/2
   836 | D:1      | Reached skill level 1 in Polearms
  1162 | D:2      | Noticed Natasha
  1162 | D:2      | Noticed Terence
  1169 | D:2      | Killed Natasha
  1169 | D:2      | Reached XP level 3. HP: 17/29 MP: 3/3
  1171 | D:2      | Killed Terence
  1171 | D:2      | Reached XP level 4. HP: 21/36 MP: 4/4
  1425 | D:2      | Noticed Natasha
  1432 | D:2      | Killed Natasha
  1432 | D:2      | Reached skill level 6 in Bows
  1811 | D:2      | Noticed Natasha
  1819 | D:2      | Killed Natasha
  1819 | D:2      | Reached skill level 7 in Bows
  1819 | D:2      | Reached XP level 5. HP: 9/41 MP: 5/5
  2145 | D:2      | Noticed Jessica
  2150 | D:2      | Killed Jessica
  2556 | D:3      | Found a shimmering altar of Xom.
  2632 | D:3      | Reached skill level 8 in Bows
  2785 | D:3      | Reached XP level 6. HP: 33/48 MP: 6/6
  3091 | D:3      | Reached skill level 9 in Bows
  4161 | D:4      | You fall through a shaft!
  4161 | D:5      | Entered Level 5 of the Dungeon
  4321 | D:4      | Found an opulent altar of Gozag.
  4340 | D:4      | Reached skill level 10 in Bows
  4340 | D:4      | Reached XP level 7. HP: 55/55 MP: 7/7
  4363 | D:4      | Found Ginoytug's Antique Weapon Shoppe.
  4552 | D:4      | Noticed Pikel
  4576 | D:4      | Found a glowing drain.
  4581 | Sewer    | Entered a sewer
  4850 | Sewer    | Found a white marble altar of Elyvilon.
  4915 | D:4      | HP: 1/55 [slave[Pikel] (5)]
  4916 | D:4      | Slain by a slave

Skill      XL: |  1  2  3  4  5  6 |
---------------+-------------------+-----
Polearms       | 2 3 |  3.5
Bows           | 7 8 10 | 10.3
Fighting       | |  2.0
Dodging        | |  1.3
Stealth        | |  0.4

Action                   |  1- 3 |  4- 6 |  7- 9 || total
-------------------------+-------+-------+-------++-------
Melee: Short sword       |    11 |       |       ||    11
       Spear             |    37 |       |       ||    37
       Kick              |     2 |       |     5 ||     7
       Halberd           |       |       |    29 ||    29
 Fire: Shortbow          |     1 |   321 |    14 ||   336
  Use: Scroll            |       |     7 |       ||     7
       Potion            |       |       |     4 ||     4
  Eat: Chunk             |       |     8 |     2 ||    10
Armor: Leather armour    |    13 |    29 |    27 ||    69
       Skin              |       |     1 |       ||     1
Dodge: Dodged            |    19 |    50 |    35 ||   104

Vault maps used:
D:1:      onia_arrival_larder, minivault_4
D:2:      first_bread, uniq_natasha, uniq_jessica, uniq_terence
D:3:      tgw_xom, bh_chokoban
D:4:      lemuel_zombie_altar_kikubaaqudgha, nicolae_gozag_seed_capital,
          marbit_many_paths, serial_shops, nicolae_shop_stone,
          portal_sewer_entry_e, minivault_4, grunt_decor_cap, uniq_pikel
D:5:      lemuel_crystal_altar, elyvilon_altar_5
Sewer:    sewer_kobolds
